 Dungeon Crawl Stone Soup version 0.29.1-13-g9f3cf754e1 (webtiles) character file.

Game seed: 9676012093288065714

121 pilgrim the Gusty (level 5, -3/30 HPs)
             Began as a Tengu Air Elementalist on Feb 10, 2023.
             Slain by clease's ghost (5 damage)
             ... on level 3 of the Dungeon.
             The game lasted 00:12:41 (4086 turns).

pilgrim the Gusty (Tengu Air Elementalist)          Turns: 4086, Time: 00:12:41

Health: -3/30      AC:  3    Str:  8    XL:     5   Next: 5%
Magic:  1/9        EV: 15    Int: 17    God:
Gold:   113        SH:  0    Dex: 15    Spells: 2/8 levels left

rFire   . . .      SeeInvis .   i - staff of conjuration
rCold   . . .      Faith    .   (no shield)
rNeg    . . .      Spirit   .   a - +0 robe
rPois   .          Reflect  .   (helmet restricted)
rElec   .          Harm     .   f - +0 cloak
rCorr   .          Rampage  .   (no gloves)
Will    .....                   (boots unavailable)
Stlth   ++........              (no amulet)
HPRegen 0.10/turn               (no ring)
MPRegen 0.11/turn               (no ring)

@: lethally poisoned (-3 -> -11), flying quickly and evasively, very slightly
contaminated, quick
A: beak, talons 3, nimble flight
a: no special abilities


You were on level 3 of the Dungeon.
You visited 1 branch of the dungeon, and saw 4 of its levels.

You collected 113 gold pieces.

Inventory:

Hand Weapons
 c - a +2 dagger of speed
Armour
 a - a +0 robe (worn)
 f - a +0 cloak (worn)
Magical Staves
 i - a staff of conjuration (weapon)
Scrolls
 d - a scroll of torment
 h - a scroll of enchant armour {unknown}
Potions
 b - a potion of magic
 e - 2 potions of mutation


   Skills:
 + Level 2.1 Fighting
 + Level 0.0 Staves
 + Level 3.5 Dodging
 - Level 2.0 Stealth
 + Level 2.4 Spellcasting
 + Level 3.4 Conjurations
 - Level 4.0 Air Magic
 + Level 0.0 Evocations


You had 2 spell levels left.
You knew the following spells:

 Your Spells              Type           Power      Damage    Failure   Level
a - Shock                 Conj/Air       88%        1d8       4%          1
b - Static Discharge      Conj/Air       22%        3-6/arc   6%          2
c - Swiftness             Air            15%        N/A       11%         3

Your spell library contained the following spells:

 Spells                   Type           Power      Damage    Failure   Level
 Airstrike                Air            7%         2d(2-18)  34%         4
 Gell's Gravitas          Tloc           2%         N/A       50%         3
 Teleport Other           Tloc           2%         N/A       50%         3
 Tukima's Dance           Hex            2%         N/A       50%         3
 Passage of Golubria      Tloc           2%         N/A       88%         4
 Summon Ice Beast         Ice/Summ       2%         N/A       88%         4
 Summon Mana Viper        Hex/Summ       2%         N/A       99%         5
 Yara's Violent Unravell  Hex/Tmut       1%         3d3       99%         5
 Dispersal                Tloc           1%         N/A       100%        6
 Monstrous Menagerie      Summ           1%         N/A       100%        7


Dungeon Overview and Level Annotations

Branches:
Dungeon (4/15)
 Temple: D:4-7

Altars:
Ashenzari
Fedhas
Makhleb
Wu Jian

Annotations:
D:3 exclusion: downstairs, clease's ghost, amateur DjFE
D:4 !blockTheOrc, Blork the orc


Innate Abilities, Weirdness & Mutations

You have a beak for a mouth.
You have claws for feet.
Your magical nature lets you fly swiftly and evasively.


Message History

Clease's ghost closely misses you.
Casting: Shock (safe; 4% risk of failure)
Confirm with . or Enter, or press ? or * to list all spells.
Aiming: Shock (safe; 4% risk of failure)
Press: ? - help, Shift-Dir - straight line, f/p - clease's ghost
Aim: clease's ghost, wielding a weapon of venom (heavily damaged, 74% to hit)
You feel a surge of power!
You miscast Shock.
You are very lightly contaminated with residual magic.
Nothing appears to happen.
Clease's ghost completely misses you.
Casting: Shock (safe; 4% risk of failure)
Confirm with . or Enter, or press ? or * to list all spells.
Aiming: Shock (safe; 4% risk of failure)
Press: ? - help, Shift-Dir - straight line, f/p - clease's ghost
Aim: clease's ghost, wielding a weapon of venom (heavily damaged, 74% to hit)
You feel a surge of power!
The zap hits clease's ghost.
Clease's ghost is heavily damaged.
Clease's ghost hits you.
You are poisoned.
You hit clease's ghost but do no damage.
You claw clease's ghost.
Clease's ghost is severely damaged.
You feel very sick. Clease's ghost closely misses you.
You closely miss clease's ghost. Your kick misses clease's ghost.
You peck clease's ghost.
Clease's ghost is severely damaged.
You feel sick. Clease's ghost hits you.
You are lethally poisoned!
You closely miss clease's ghost. Your kick misses clease's ghost.
Clease's ghost is severely damaged.
* * * LOW HITPOINT WARNING * * *
You feel very sick. Clease's ghost hits you.
* * * LOW HITPOINT WARNING * * *
You closely miss clease's ghost. You claw clease's ghost.
Clease's ghost is severely damaged.
* * * LOW HITPOINT WARNING * * *
You feel very sick. Clease's ghost hits you.
You die...

...<..................#
#.....................#####
..........####............###
...................###......#
...........#####.### #.(._..#
###......#..# #.# ##._8_.# #
#####...#.# #.# #.._..#
.Z.Z.###...# #.# #.....#
........##..# #@# #..#.##
..###....##.# #W# ##...#
....##....#.# #.# ###.###
.....#....#.####.#####...#
.....##...'..Z.........###
...=.(#...'............#
.#...$#...'...........## .#
..##...#.#.........# .#
#....#.#.........###


You could see clease's ghost.

Vanquished Creatures
  6 adders
  2 worms
  A dart slug (D:2)
  An adder simulacrum (D:3)
  8 ball pythons
  3 bats
  An endoplasm (D:3)
  6 giant cockroaches (D:3)
  7 goblins
  2 hobgoblins (D:3)
  3 jackals (D:2)
  7 kobolds
  A quokka (D:1)
  A frilled lizard (D:2)
  9 rats
58 creatures vanquished.

Notes
Turn   | Place    | Note
-------+----------+-------------------------------------------
     0 | D:1      | pilgrim the Tengu Air Elementalist began the quest for the
                  | Orb.
     0 | D:1      | Reached XP level 1. HP: 10/10 MP: 4/4
   186 | D:1      | Reached XP level 2. HP: 16/16 MP: 0/6
   703 | D:1      | Found a faded altar of an unknown god.
   931 | D:2      | Reached skill level 1 in Fighting
  1217 | D:2      | Reached XP level 3. HP: 20/20 MP: 4/7
  1929 | D:2      | Reached XP level 4. HP: 13/26 MP: 3/8
  2403 | D:2      | Learned a level 2 spell: Static Discharge
  2407 | D:2      | Learned a level 3 spell: Swiftness
  2622 | D:4      | Noticed Blork the orc
  3109 | D:3      | Noticed clease's ghost (amateur DjFE)
  3227 | D:3      | Gained mutation: Your magical nature lets you fly swiftly
                  | and evasively. [Tengu growth]
  3227 | D:3      | Reached XP level 5. HP: 30/30 MP: 4/9
  3274 | D:3      | Found a runed translucent gate.
  3274 | D:3      | Found a runed translucent gate.
  3274 | D:3      | Found a runed translucent gate.
  3292 | D:3      | Found a broken altar of Ashenzari.
  3292 | D:3      | Found a burning altar of Makhleb.
  3292 | D:3      | Found an ornate altar of the Wu Jian Council.
  3292 | D:3      | Found a blossoming altar of Fedhas.
  3883 | D:3      | Found a burning altar of Makhleb.
  3884 | D:3      | Found a blossoming altar of Fedhas.
  3884 | D:3      | Found a broken altar of Ashenzari.
  3885 | D:3      | Found an ornate altar of the Wu Jian Council.
  4086 | D:3      | Slain by clease's ghost

Illustrated notes

Levels and vault maps discovered:
D:1:      scummos_arrival_checkerplants, layout_basic,
          dreamdust_ecumenical_altar_angels_and_demons, minmay_crystal_water
D:2:      layout_basic, minivault_27, hangedman_decor_points
D:3:      layout_rooms, chequers_temple_overflow_statue_of_worship,
          gammafunk_ghost_icy, hangedman_abyss_or_decor_lesser_grid
D:4:      layout_loops_ring, grunt_dithmenos_smoke,
          minmay_temple_entry_mini_moons, chequers_serial_rivers_small_b,
          uniq_blork_the_orc

Skill      XL: |  1  2  3  4 |
---------------+-------------+-----
Conjurations   | 2 3 |  3.4
Fighting       | 1 2 |  2.1
Dodging        | 3 |  3.5
Stealth        | |  2.0
Spellcasting   | |  2.4
Air Magic      | |  4.0

Action                   |  1- 3 |  4- 6 || total
-------------------------+-------+-------++-------
Melee: Dagger            |    25 |    26 ||    51
       Kick              |     5 |     7 ||    12
       Peck              |     2 |     3 ||     5
       Staff             |       |     4 ||     4
 Cast: Shock             |    58 |    43 ||   101
  Use: Scroll            |     3 |     1 ||     4
       Potion            |       |     1 ||     1
 Stab: Sleeping          |     1 |     1 ||     2
       Distracted        |       |     1 ||     1
Armor: Robe              |     5 |    10 ||    15
Dodge: Dodged            |    15 |    23 ||    38
